cohdb
Replays
Latest Replays
All Replays
Popular Replays
Top Player Replays
Match Explorer
How It Works
Community
CoH3 Stats
Reddit
Sign in to upload your games and track your stats! →
Sign in with Steam
Match 41718750
Unlisted
Match 41718750
Overview
Messages
Build Orders
End
250 Light Carrier
Panzergrenadier Squad
Selects Battlefield Espionage Battlegroup
Selects Sector Subterfuge Beacon
Panzergrenadier Squad
Construct Light Support Kompanie
Selects 250/3 Funkpanzerwagen
Construct Mechanized Kompanie
2.5-tonne Medical Truck
Assault Mechanized Group
Veteran Squad Leaders
Marder III Tank Destroyer
Selects Advanced Ambush Training
Construct Panzerarmee Kommand
Selects Plunder
Flak 36 Anti-tank Gun Team
疯癫
Dauskun
Shamtu™ ☆☆ Bimberek
161641
メ hd_389
天意难违
Jd577
先为不可胜
0
0
Comments
sign in to comment!
No comments posted yet!